 Dungeon Crawl Stone Soup version 0.31.0-11-ge490571c62 (webtiles) character file.

Game seed: 249670612093368636

126 qw the Skirmisher (level 4, 0/25 HPs)
             Began as a Deep Elf Hunter on Feb 4, 2024.
             Slain by an orc wizard
             ... wielding a +1 dagger of speed
              (4 damage)
             ... on level 4 of the Dungeon.
             The game lasted 00:00:10 (1987 turns).

qw the Skirmisher (Deep Elf Hunter)                 Turns: 1987, Time: 00:00:11

Health: 0/25       AC:  6    Str: 10    XL:     4   Next: 83%
Magic:  6/6        EV: 11    Int: 14    God:
Gold:   167        SH:  0    Dex: 18    Spells: 3/3 levels left

rFire   . . .        a - +1 shortbow
rCold   . . .        (shield currently unavailable)
rNeg    + . .        k - +0 ring mail
rPois   .            (no helmet)
rElec   .            (no cloak)
rCorr   .            (no gloves)
SInv    .            g - +0 pair of boots
Will    .....        c - amulet of faith
Stlth   +            d - ring of positive energy
HPRegen 0.24/turn    (no ring)
MPRegen 0.10/turn

%: faith
@: no status effects
A: no striking features
a: no special abilities


You were on level 4 of the Dungeon.
You visited 1 branch of the dungeon, and saw 4 of its levels.

You collected 167 gold pieces.


   Skills:
 - Level 1.5 Fighting
 + Level 8.2 Ranged Weapons
 - Level 2.4 Dodging
 - Level 1.2 Stealth


You had 3 spell levels left.
You didn't know any spells.
Your spell library was empty.

Inventory:

Hand Weapons
 a - a +1 shortbow (weapon)
Armour
 g - a +0 pair of boots (worn)
 k - a +0 ring mail (worn)
Jewellery
 c - an amulet of faith (around neck)
 d - a ring of positive energy (left hand)
Wands
 b - a wand of mindburst (14)
 f - a wand of roots (4)
Potions
 h - a potion of enlightenment
 i - a potion of haste

Dungeon Overview and Level Annotations

Branches:
Dungeon (4/15)
 Temple: D:4-7

Altars:
Qazlal


Message History

You kill the orc priest!
Your Ranged Weapons skill increases to level 8!
You start resting.
HP restored.
You climb downwards.
There is a stone staircase leading up here.
You shoot an arrow. The arrow hits the orc.
The orc is moderately wounded.
You shoot an arrow. The arrow closely misses the orc.
The orc wizard gestures wildly while chanting.
The orc wizard flickers and vanishes!
Deactivating autopickup; reactivate with Ctrl-A.
You shoot an arrow. The arrow hits the orc!
You kill the orc!
You shoot an arrow. You shoot an arrow. You shoot an arrow.
Something hits you. x2
You shoot an arrow. Something hits you but does no damage.
You shoot an arrow. Something hits you. x2
You shoot an arrow. Something hits you but does no damage.
You shoot an arrow.
You hear some strange, mumbled words.
Something tries to affect you, but you resist.
You shoot an arrow. Something hits you. x2
You shoot an arrow. Something hits you but does no damage.
You hear some strange, mumbled words.
A magic dart appears from out of thin air!
The magic dart hits you.
You shoot an arrow.
You hear some strange, mumbled words.
Something tries to affect you, but you resist.
You shoot an arrow. Something hits you.
You die...

#.#############.# #.#
#.# #.# #.#
#.########### #.#
#...........# #.#
###########.###.#######
#................... !
##.######.###########
..######..######@#
..o............{.#
..###.##########.# .
#.# #.# #.# #.# #.# #.#
#.# #.# #.# #.# ... ..#


There were no monsters in sight!

Vanquished Creatures
  An orc priest (D:3)
  2 adders (D:2)
  2 dart slugs (D:1)
  2 orcs
  3 ball pythons
  6 bats
  8 endoplasms
  2 giant cockroaches
  4 goblins
  10 hobgoblins
  6 jackals
  5 kobolds
  3 quokkas
  4 frilled lizards
  5 rats
63 creatures vanquished.

Notes
Turn   | Place    | Note
-------+----------+-------------------------------------------
     0 | D:1      | qw the Deep Elf Hunter began the quest for the Orb.
     0 | D:1      | Reached XP level 1. HP: 12/12 MP: 3/3
     0 | D:1      | 0 ||| qw: Version: 0.3-a-160-g6735b56
     0 | D:1      | 0 ||| qw: Game counter: 5919
     0 | D:1      | 0 ||| qw: Melee chars always use a shield: true
     0 | D:1      | 0 ||| qw: God list: Okawaru
     0 | D:1      | 0 ||| qw: Allow faded altars: false
     0 | D:1      | 0 ||| qw: Do Orc after clearing Dungeon:15 true
     0 | D:1      | 0 ||| qw: Do second Lair branch before Depths: true
     0 | D:1      | 0 ||| qw: Lair rune preference: random
     0 | D:1      | 0 ||| qw: Goals: Normal
     0 | D:1      | 0 ||| PLANNING D:1-11
   113 | D:1      | Reached XP level 2. HP: 16/16 MP: 4/4
   114 | D:1      | Reached skill level 6 in Ranged Weapons
   470 | D:1      | Reached XP level 3. HP: 20/20 MP: 5/5
   682 | D:1      | 682 ||| UPGRADING to +0 pair of boots.
   687 | D:1      | 687 ||| READING 2 scrolls labelled KEUFUTZABRU.
   687 | D:1      | 687 ||| IDENTIFYING viscous brown potion
   688 | D:1      | 688 ||| READING scroll of identify.
   688 | D:1      | 688 ||| IDENTIFYING scroll labelled QUESHR QIFI
   689 | D:1      | 689 ||| READING 2 scrolls labelled DUS LYFFING.
   690 | D:1      | 690 ||| DROPPING scroll of butterflies.
   691 | D:1      | 691 ||| DROPPING scroll of poison.
   692 | D:1      | 692 ||| DROPPING scroll of fog.
   749 | D:2      | Reached skill level 7 in Ranged Weapons
   838 | D:2      | Reached XP level 4. HP: 25/25 MP: 6/6
  1264 | D:2      | 1264 ||| UPGRADING to +0 ring mail.
  1274 | D:2      | 1274 ||| DROPPING +0 leather armour.
  1275 | D:2      | 1275 ||| DROPPING +1 leather armour of positive energy.
  1276 | D:2      | 1276 ||| READING scroll labelled DOSEWOMARY.
  1277 | D:2      | 1277 ||| READING scroll labelled LONERE QORR.
  1277 | D:2      | 1277 ||| ENCHANTING +0 shortbow.
  1278 | D:2      | 1278 ||| READING scroll labelled KOT EWKANLOMOI.
  1282 | D:2      | 1282 ||| DRINKING 2 red potions.
  1283 | D:2      | 1283 ||| DROPPING potion of brilliance.
  1517 | D:3      | Found a stormy altar of Qazlal.
  1782 | D:3      | 1782 ||| UPGRADING to amulet of faith.
  1787 | D:3      | 1787 ||| UPGRADING to ring of positive energy.
  1788 | D:3      | 1788 ||| READING scroll of identify.
  1788 | D:3      | 1788 ||| IDENTIFYING fuming black potion
  1789 | D:3      | 1789 ||| READING scroll labelled MEULAEH ENELO.
  1790 | D:3      | 1790 ||| DRINKING 2 orange potions.
  1791 | D:3      | 1791 ||| DROPPING potion of invisibility.
  1903 | D:4      | 1903 ||| FLEEEEING.
  1904 | D:4      | 1904 ||| FLEEEEING.
  1905 | D:4      | 1905 ||| FLEEEEING.
  1906 | D:4      | 1906 ||| FLEEEEING.
  1907 | D:4      | 1907 ||| FLEEEEING.
  1908 | D:4      | 1908 ||| FLEEEEING.
  1909 | D:4      | 1909 ||| FLEEEEING.
  1910 | D:4      | 1910 ||| FLEEEEING.
  1911 | D:4      | 1911 ||| FLEEEEING.
  1912 | D:4      | 1912 ||| FLEEEEING.
  1913 | D:4      | 1913 ||| FLEEEEING.
  1914 | D:4      | 1914 ||| FLEEEEING.
  1915 | D:4      | 1915 ||| FLEEEEING.
  1916 | D:4      | 1916 ||| STAIRDANCE
  1943 | D:4      | 1943 ||| STAIRDANCE
  1949 | D:3      | Reached skill level 8 in Ranged Weapons
  1985 | D:4      | HP: 4/25 [something/magic dart (6)]
  1987 | D:4      | Slain by an orc wizard

Levels and vault maps discovered:
D:1:      dpeg_arrival_rhombus, layout_loops_cross, serial_park_tiny_2
D:2:      layout_loops_ring, chequers_garden
D:3:      layout_loops_ring, lemuel_tele_altar
D:4:      cheibrodos_helix_gallery, layout_basic,
          minmay_temple_entry_nine_rooms, palyth_stone_intersect

Skill      XL: |  1  2  3  4 |
---------------+-------------+-----
Ranged Weapons | 6 7 8 |  8.2
Fighting       | |  1.5
Dodging        | |  2.4
Stealth        | |  1.2

Action                     |  1- 3 |  4- 6 || total
---------------------------+-------+-------++-------
   Fire: Shortbow          |    91 |    60 ||   151
    Use: Scroll            |     3 |     5 ||     8
         Potion            |       |     2 ||     2
 Armour: Leather armour    |    18 |       ||    18
         Ring mail         |       |    13 ||    13
  Dodge: Dodged            |    11 |     5 ||    16

Table legend:
 A = Non-vault XP
 B = Vault XP
 C = Vault XP percentage of total XP
 D = Non-vault monster count
 E = Vault monster count
 F = Vault count percentage of total count
                 A         B        C        D         E       F
            +---------+---------+-------+---------+---------+-------
      Total |     180 |       0 |   0.0 |      63 |       0 |   0.0
            +---------+---------+-------+---------+---------+-------
        D:1 |      56 |       0 |   0.0 |      27 |       0 |   0.0
        D:2 |      61 |       0 |   0.0 |      23 |       0 |   0.0
        D:3 |      58 |       0 |   0.0 |      11 |       0 |   0.0
        D:4 |       5 |       0 |   0.0 |       2 |       0 |   0.0
            +---------+---------+-------+---------+---------+-------
